AoeStats
← TPE-床上小旋風

Arena

510269608Analyzed
4v4 RM · 1d ago on Sep 30, 2026· 43m 47s· 8 players
Game mode
Random Map
Map size
Large (8 player)
Population
200
Speed
Normal
Resources
Standard
Victory
Conquest
Starting age
Dark Age
Ending age
Imperial Age
RankedLock teamsTeams togetherTeam positionsShared explorationLock speedFull tech treeHidden civsTurbo modeCheats
Victory
Defeat
🇨🇳 Teutons · China
1359
+15
🇨🇳 Bohemians · China
1329
+16
🇪🇸 Vikings · Spain
1326
+16
🇷🇺 Persians · Russia
1273
+18
🇷🇺 Mongols · Russia
1414
-21
🇸🇪 Hindustanis · Sweden
1305
-15
🇩🇪 Celts · Germany
1304
-15
🇩🇪 Mapuche · Germany
1270
-14
祈求好运
6:50 Loom
8:55 Feudal Age
11:21 Fletching
17:02 Horse Collar
23:32 Wheelbarrow
22:48 Double-Bit Axe
26:45 Castle Age
25:06 Gold Mining
28:06 Bow Saw
28:24 Heavy Plow
31:43 Hand Cart
37:13 Imperial Age
34:52 Scale Mail Armor
35:34 Forging
35:09 Pikeman
35:49 Squires
35:35 Gambesons
35:40 Arson
36:35 Chain Mail Armor
38:05 Iron Casting
38:40 Plate Mail Armor
39:06 Conscription
39:48 Blast Furnace
38:15 Halberdier
40:17 Two-Man Saw
40:35 Bodkin Arrow
40:12 Capped Ram
44:36 Chemistry
43:51 Guard Tower
Aspirante
10:44 Feudal Age
14:48 Castle Age
14:40 Double-Bit Axe
20:40 Scale Mail Armor
21:53 Forging
27:42 Chain Mail Armor
28:03 Iron Casting
33:21 Iron Casting
35:49 Imperial Age
33:22 Gold Mining
33:12 Horse Collar
36:03 Loom
37:35 Bow Saw
37:59 Chieftains
38:33 Plate Mail Armor
39:03 Blast Furnace
39:56 Gold Shaft Mining
39:24 Heavy Plow
38:49 Man-at-Arms
39:31 Squires
39:42 Long Swordsman
40:08 Arson
42:31 Two-Man Saw
41:31 Capped Ram
41:36 Two-Handed Swordsman
42:24 Champion
43:21 Siege Ram
TPE-床上小旋風
10:28 Feudal Age
14:36 Castle Age
13:32 Bloodlines
14:25 Double-Bit Axe
14:23 Horse Collar
14:34 Gold Mining
14:59 Loom
22:59 Bow Saw
24:43 Wheelbarrow
25:41 Stone Mining
26:27 Gold Shaft Mining
26:47 Hand Cart
28:17 Scale Barding Armor
28:37 Heavy Plow
29:17 Gold Shaft Mining
29:46 Town Watch
32:36 Imperial Age
30:18 Husbandry
31:04 Town Patrol
31:43 Stone Shaft Mining
32:06 Chain Barding Armor
31:57 Forging
32:40 Cavalier
33:47 Conscription
34:37 Chemistry
35:14 Two-Man Saw
34:54 Plate Barding Armor
34:55 Iron Casting
35:04 Savar
38:02 Blast Furnace
41:03 Coinage
40:39 Caravan
40:58 Guilds
42:57 Banking
ixsea
10:48 Feudal Age
14:31 Castle Age
12:19 Double-Bit Axe
12:22 Horse Collar
15:33 Bow Saw
22:29 Wheelbarrow
21:40 Loom
22:05 Heavy Plow
24:27 Hand Cart
23:58 Town Watch
28:47 Imperial Age
27:22 Chemistry
26:15 Pikeman
26:56 Squires
26:56 Scale Mail Armor
28:22 Chain Mail Armor
28:49 Houfnice
29:52 Conscription
29:39 Wagenburg Tactics
29:01 Halberdier
30:37 Plate Mail Armor
30:53 Forging
32:01 Two-Man Saw
33:03 Iron Casting
33:09 Caravan
32:36 Elite Hussite Wagon
34:16 Ballistics
34:39 Siege Engineers
36:10 Fortified Wall
37:55 Blast Furnace
41:43 Man-at-Arms
42:11 Arson
42:17 Long Swordsman
43:19 Two-Handed Swordsman
Finn4n
10:43 Feudal Age
12:10 Loom
18:41 Castle Age
27:05 Double-Bit Axe
27:20 Horse Collar
28:30 Bow Saw
29:41 Wheelbarrow
30:17 Heavy Plow
30:18 Gold Mining
32:04 Hand Cart
35:01 Imperial Age
33:05 Scale Mail Armor
33:15 Forging
34:08 Pikeman
34:35 Arson
34:12 Man-at-Arms
34:38 Gambesons
34:17 Man-at-Arms
34:43 Gambesons
35:35 Iron Casting
35:16 Chain Mail Armor
35:13 Town Watch
35:08 Long Swordsman
37:16 Blast Furnace
36:27 Two-Handed Swordsman
36:41 Capped Ram
37:43 Fortified Wall
37:11 Halberdier
Martin Eden
10:40 Feudal Age
11:40 Double-Bit Axe
14:35 Castle Age
15:29 Forging
15:25 Loom
16:15 Bloodlines
19:15 Scale Barding Armor
20:43 Wheelbarrow
22:00 Loom
23:39 Iron Casting
24:07 Husbandry
26:42 Gold Mining
28:15 Hand Cart
29:31 Chain Barding Armor
33:51 Stone Mining
34:37 Gold Shaft Mining
34:42 Fletching
35:14 Padded Archer Armor
37:45 Imperial Age
35:39 Ballistics
35:46 Bodkin Arrow
36:31 Leather Archer Armor
38:29 Bracer
39:11 Conscription
38:24 Elite Mangudai
40:34 Chemistry
39:34 Light Cavalry
41:14 Bow Saw
40:46 Horse Collar
40:39 Hussar
42:36 Blast Furnace
WallyGoodberg
10:33 Feudal Age
11:48 Town Watch
11:56 Horse Collar
14:25 Castle Age
13:44 Double-Bit Axe
20:15 Wheelbarrow
20:27 Bow Saw
22:15 Heavy Plow
24:14 Hand Cart
23:44 Loom
24:10 Stone Mining
24:12 Gold Mining
30:08 Imperial Age
27:40 Padded Archer Armor
28:27 Gold Shaft Mining
28:14 Fletching
28:28 Treadmill Crane
29:09 Ballistics
29:35 Malon
29:37 Bodkin Arrow
29:57 Leather Archer Armor
30:12 Forging
30:35 Masonry
30:20 Murder Holes
32:05 Chemistry
31:27 Conscription
30:38 Elite Skirmisher
32:06 Ring Archer Armor
35:43 Scale Mail Armor
36:18 Iron Casting
35:19 Champi Runner
35:45 Arson
36:07 Champi Warrior
37:11 Chain Mail Armor
37:31 Architecture
36:57 Elite Champi Warrior
40:15 Pikeman
42:00 Halberdier
Kaben
11:02 Feudal Age
15:00 Castle Age
12:51 Horse Collar
13:00 Double-Bit Axe
24:28 Fletching
26:55 Crossbowman
Connection lost

Rejoining the realm…

Still unreachable

The connection could not be restored.

Session expired

The server has moved on; the page needs a fresh start.